 Dungeon Crawl Stone Soup version 0.26.1-11-gd32895ea62 (webtiles) character file.

Game seed: 11354480354405463808

12976 Almogavar the Carver (level 11, 0/99 HPs)
             Began as a Minotaur Berserker on June 17, 2021.
             Was a High Priest of Trog.
             Slain by an ogre
             ... wielding a +0 giant spiked club
              (16 damage)
             ... on level 1 of the Orcish Mines on June 18, 2021.
             The game lasted 00:29:55 (13072 turns).

Almogavar the Carver (Minotaur Berserker)          Turns: 13072, Time: 00:29:57

Health: 0/99       AC: 24    Str: 26    XL:     11   Next: 69%
Magic:  10/10      EV: 10    Int:  4    God:    Trog [*****.]
Gold:   833        SH: 18    Dex: 11    Spells: 10/10 levels left

rFire    + . .     SeeInvis .   J - +0 long sword (freeze)
rCold    + + .     Faith    .   L - +2 tower shield
rNeg     . . .     Spirit   .   E - +4 scale mail of the Pits of Slime {Regen+ Dex+2}
rPois    .         Reflect  .   (helmet restricted)
rElec    .         Harm     .   G - +2 cloak {rCorr}
rCorr    +         Rampage  .   r - +1 pair of gloves
Will     ++...     NoTele   +   g - +0 pair of boots of the Harvest Moon {-Tele rC++ rCorr}
Stlth    ..........             (no amulet)
HPRegen  1.66/turn              h - +4 ring of protection
MPRegen  0.12/turn              l - ring of protection from fire

@: regenerating
A: retaliatory headbutt, horns 2
a: Renounce Religion, Berserk, Trog's Hand, Brothers in Arms


You were on level 1 of the Orcish Mines.
You worshipped Trog.
Trog was extremely pleased with you.
You visited 2 branches of the dungeon, and saw 12 of its levels.

You collected 833 gold pieces.

Inventory:

Hand Weapons
 a - a +0 falchion
 n - a +2 vorpal hunting sling
 H - the +6 hand axe of Fate {speed, Str+3 Int+3 Dex+3}
   (You found it on level 9 of the Dungeon)

   Attacks with this weapon are significantly faster.
   It affects your strength (+3).
   It affects your intelligence (+3).
   It affects your dexterity (+3).
 J - a +0 long sword of freezing (weapon)
Missiles
 p - 243 stones
 A - 82 sling bullets
Armour
 g - the +0 pair of boots of the Harvest Moon (worn) {-Tele rC++ rCorr}
   (You found it on level 9 of the Dungeon)

   It greatly protects you from cold.
   It prevents most forms of teleportation.
   It provides partial protection from all sources of acid and corrosion.
 r - a +1 pair of gloves (worn)
 E - the +4 scale mail of the Pits of Slime (worn) {Regen+ Dex+2}
   (You found it on level 8 of the Dungeon)

   It affects your dexterity (+2).
   It increases your rate of regeneration.
 G - a +2 cloak of preservation (worn)
 I - a +2 scale mail of willpower
 L - a +2 tower shield (worn)
Jewellery
 h - a +4 ring of protection (left hand)
 l - a ring of protection from fire (right hand)
 m - an uncursed ring of ice
Wands
 d - a wand of flame (34)
 f - a wand of polymorph (10)
 B - a wand of enslavement (17)
 F - a wand of random effects (15)
 K - a wand of disintegration (12)
 M - a wand of acid (9)
Scrolls
 b - a scroll of fog
 c - 8 scrolls of remove curse
 j - a scroll of enchant armour
 k - 6 scrolls of teleportation
 q - 3 scrolls of magic mapping
 u - a scroll of blinking
 w - 4 scrolls of immolation {unknown}
 y - a scroll of enchant weapon {unknown}
 z - a scroll of brand weapon {unknown}
 C - a scroll of silence {unknown}
 D - a scroll of acquirement {unknown}
Potions
 e - 3 potions of invisibility
 i - 2 potions of ambrosia
 o - 2 potions of flight
 t - 2 potions of curing
 x - 3 potions of might {unknown}


   Skills:
 + Level 10.0 Fighting
 - Level 14.2 Long Blades
 - Level 0.1 Axes
 + Level 1.1 Slings
 - Level 10.3 Armour
 + Level 7.9 Dodging
 - Level 0.7 Stealth
 + Level 6.3 Shields


You had 10 spell levels left.
You didn't know any spells.
Your spell library was empty.

Dungeon Overview and Level Annotations

Branches:
Dungeon (11/15)            Temple (0/1) D:5            Lair (0/6) D:10
    Orc (1/2) D:11

Altars:
Ashenzari
Dithmenos
Gozag
Makhleb
Nemelex Xobeh
Qazlal
Ru
Sif Muna
Vehumet
Xom
The Shining One

Annotations:
D:10 2 runed translucent doors


Innate Abilities, Weirdness & Mutations

You reflexively headbutt those who attack you in melee.
You have a pair of horns on your head.


Message History

Your troll barely misses the orc warrior.
Your troll claws the orc warrior!
The orc warrior dies!
Trog accepts your kill.
Your shield prevents you from hitting the ogre.
You headbutt the ogre!
The ogre is moderately wounded.
The ogre barely misses you.
The orc priest invokes the aid of Beogh against you.
Beogh smites you!
* * * LOW HITPOINT WARNING * * *
You block the orc warrior's attack.
The orc throws a boomerang.
The boomerang hits your troll.
The weapon returns to the orc!
You hit the ogre. You freeze the ogre.
The ogre is heavily wounded.
Your troll bites the orc!!
The orc dies!
Trog accepts your kill.
The ogre hits you with a +0 giant spiked club!
You die...

##.#....#....#...# .
#............##.## .o
##.#.............## ...#
#####.............## #.o..
####.##...............#
.....(#oo..o#...#........#.##
#..(...oo#T...).........##
...##.#.T##).)....>......## #
######.#@.............##
#.##.##.oO...............#
.......#................##
.......................##
#..................###
###......#.#...##..##
##.....#.#..^.#...
##.....))...#...##
#....))..####...#


You could see an orc warrior, an ogre, an orc priest, an orc wizard, 3 orcs and
a friendly troll (summoned, berserk).

Vanquished Creatures
  A great orb of eyes (D:9)
  An ogre mage (D:9)
  An orc knight (Orc:1)
  An ugly thing (D:11)
  An oklob plant (D:7)
  A cyclops (D:10)
  Maurice (D:9)
  Joseph (D:9)
  A centaur zombie (D:11)
  Psyche (D:11)
  A gargoyle (D:10)
  A komodo dragon (D:11)
  4 trolls
  Grinder (D:5)
  The ghost of kalagan the Conjurer, an amateur DECj (D:3)
  Eustachio (D:4)
  3 wyverns (D:10)
  A warg (Orc:1)
  A water moccasin (D:9)
  5 orc warriors
  2 eyes of draining
  2 phantoms (D:10)
  6 sky beasts
  5 ice beasts
  2 ogres (D:4)
  5 wolves (D:10)
  4 centaurs
  A gnoll sergeant (D:10)
  9 bullfrogs
  A wyvern zombie (D:10)
  A wyvern skeleton (D:9)
  4 scorpions
  5 wights (D:10)
  3 killer bees (D:7)
  A howler monkey (D:5)
  4 electric eels
  A quasit (D:9)
  6 hounds
  8 orc priests
  Crazy Yiuf (D:5)
  9 jellies
  A bullfrog skeleton (D:5)
  2 iguanas
  12 orc wizards
  5 worker ants
  2 hound skeletons
  2 worker ant zombies
  4 gnolls (D:10)
  A howler monkey skeleton (D:8)
  22 adders
  2 shadow imps
  7 white imps
  5 ufetubi
  11 oozes
  2 worms (D:3)
  2 dart slugs (D:1)
  7 leopard geckos
  43 orcs
  A giant cockroach (D:3)
  5 goblins
  5 hobgoblins
  7 jackals
  7 quokkas
  4 bats
  8 frilled lizards
  A jackal zombie (D:7)
  7 kobolds
  A leopard gecko skeleton (D:4)
  9 rats
294 creatures vanquished.

Vanquished Creatures (collateral kills)
  A warg (Orc:1)
  3 orc warriors (Orc:1)
  An orc (Orc:1)
5 creatures vanquished.

Vanquished Creatures (others)
  9 fungi
9 creatures vanquished.

Grand Total: 308 creatures vanquished

Notes
Turn   | Place    | Note
-------+----------+-------------------------------------------
     0 | D:1      | Almogavar the Minotaur Berserker began the quest for the
                  | Orb.
     0 | D:1      | Reached XP level 1. HP: 19/19 MP: 0/0
   176 | D:1      | Reached XP level 2. HP: 22/27 MP: 1/1
   252 | D:1      | Reached skill level 4 in Long Blades
   703 | D:1      | Found a sparkling altar of Nemelex Xobeh.
   966 | D:2      | Found a radiant altar of Vehumet.
  1067 | D:2      | Reached XP level 3. HP: 32/33 MP: 2/2
  1527 | D:2      | Reached ** piety under Trog
  1592 | D:2      | Reached XP level 4. HP: 39/41 MP: 3/3
  2003 | D:3      | Reached XP level 5. HP: 47/47 MP: 4/4
  2378 | D:3      | Reached skill level 5 in Long Blades
  2443 | D:3      | Found a shadowy altar of Dithmenos.
  2599 | D:3      | Found a runed translucent door.
  2602 | D:3      | Noticed kalagan's ghost (amateur DECj)
  2608 | D:3      | Reached skill level 5 in Fighting
  2608 | D:3      | Reached XP level 6. HP: 44/56 MP: 5/5
  2626 | D:3      | Killed kalagan's ghost
  2627 | D:3      | Reached skill level 6 in Long Blades
  2695 | D:3      | Found an opulent altar of Gozag.
  2793 | D:3      | Found a faded altar of an unknown god.
  2976 | D:4      | Noticed Eustachio
  2990 | D:4      | Killed Eustachio
  2991 | D:4      | Reached skill level 5 in Armour
  2991 | D:4      | Reached XP level 7. HP: 55/61 MP: 6/6
  3113 | D:4      | Reached skill level 7 in Long Blades
  4140 | D:5      | Entered Level 5 of the Dungeon
  4209 | D:5      | Reached skill level 8 in Long Blades
  4209 | D:5      | Reached XP level 8. HP: 70/70 MP: 7/7
  4225 | D:5      | Found a sacrificial altar of Ru.
  4227 | D:5      | Noticed Grinder
  4246 | D:5      | Paralysed by Grinder for 6 turns
  4256 | D:5      | Killed Grinder
  4488 | D:5      | Found a broken altar of Ashenzari.
  4491 | D:5      | Found a shimmering altar of Xom.
  4578 | D:5      | Found a burning altar of Makhleb.
  4723 | D:5      | Found a staircase to the Ecumenical Temple.
  4765 | D:5      | Found a runed translucent door.
  4766 | D:5      | Noticed Crazy Yiuf
  4965 | D:5      | Found a stormy altar of Qazlal.
  4967 | D:5      | Noticed an air elemental
  5073 | D:5      | Killed Crazy Yiuf
  5147 | D:6      | Reached skill level 9 in Long Blades
  5178 | D:6      | Reached skill level 5 in Dodging
  5510 | D:6      | Found a transporter.
  5517 | D:6      | Found a transporter.
  6718 | D:7      | Reached XP level 9. HP: 23/78 MP: 8/8
  7130 | D:7      | Noticed an oklob plant
  7136 | D:7      | Reached *** piety under Trog
  7140 | D:7      | Reached skill level 10 in Long Blades
  7274 | D:7      | Reached skill level 1 in Slings
  7434 | D:7      | Found a shimmering blue altar of Sif Muna.
  8787 | D:7      | Killed an oklob plant
  8788 | D:7      | Reached skill level 11 in Long Blades
  8980 | D:8      | Found a glowing golden altar of the Shining One.
  9055 | D:8      | Got a spiked scale mail
  9066 | D:8      | Identified the +4 scale mail of the Pits of Slime {Regen+
                  | Dex+2} (You found it on level 8 of the Dungeon)
  9388 | D:8      | Found a shimmering blue altar of Sif Muna.
  9589 | D:9      | Noticed Maurice
  9628 | D:9      | Killed Maurice
  9628 | D:9      | Reached **** piety under Trog
  9629 | D:9      | Reached XP level 10. HP: 79/85 MP: 9/9
  9841 | D:9      | Noticed Joseph
  9853 | D:9      | Killed Joseph
  9854 | D:9      | Reached skill level 12 in Long Blades
 10193 | D:9      | Noticed an ogre mage
 10194 | D:9      | Noticed a great orb of eyes
 10195 | D:9      | Found the +8 demon trident "Rift" {distort, reach+}
 10195 | D:9      | Paralysed by a great orb of eyes for 3 turns
 10203 | D:9      | Killed an ogre mage
 10211 | D:9      | Killed a great orb of eyes
 10212 | D:9      | Reached skill level 13 in Long Blades
 10215 | D:9      | Got a pair of spiked boots
 10221 | D:9      | Got a twisted hand axe
 10235 | D:9      | Identified the +0 pair of boots of the Harvest Moon {-Tele
                  | rC++ rCorr} (You found it on level 9 of the Dungeon)
 10240 | D:9      | Identified the +6 hand axe of Fate {speed, Str+3 Int+3
                  | Dex+3} (You found it on level 9 of the Dungeon)
 10714 | D:9      | Found an opulent altar of Gozag.
 10714 | D:9      | Found a stormy altar of Qazlal.
 10851 | D:10     | Entered Level 10 of the Dungeon
 10906 | D:10     | Reached skill level 1 in Shields
 10991 | D:10     | Noticed a gargoyle
 11010 | D:10     | Killed a gargoyle
 11011 | D:10     | Reached XP level 11. HP: 78/97 MP: 10/10
 11093 | D:10     | Found a runed translucent door.
 11095 | D:10     | Found a runed translucent door.
 11166 | D:10     | Reached ***** piety under Trog
 11167 | D:10     | Reached skill level 10 in Armour
 11208 | D:10     | Found a staircase to the Lair.
 11813 | D:10     | Reached skill level 14 in Long Blades
 12070 | D:11     | Found a staircase to the Orcish Mines.
 12268 | D:11     | Noticed Psyche
 12270 | D:11     | Noticed a brown ugly thing
 12279 | D:11     | Killed a brown ugly thing
 12280 | D:11     | Killed Psyche
 12281 | D:11     | Reached skill level 5 in Shields
 12827 | Orc:1    | Entered Level 1 of the Orcish Mines
 13027 | Orc:1    | Noticed an orc knight
 13056 | Orc:1    | Killed an orc knight
 13057 | Orc:1    | Reached skill level 10 in Fighting
 13072 | Orc:1    | Slain by an ogre

Illustrated notes

Levels and vault maps discovered:
D:1:      lightli_arrival_noodles, layout_rooms, minmay_misc_feat_four_crosses,
          nemelex_diamond_rough_becter
D:2:      layout_basic, fiery_altar_vehumet
D:3:      layout_basic, nicolae_dithmenos_shadow_blocks, ebering_ghost_sewer_d,
          chequers_ecumenical_altar_simple_redux, grunt_gozag_breadcrumbs
D:4:      layout_gridville, uniq_eustachio
D:5:      layout_loops_ring, old_standard_altar, lemuel_round_altar, minitemple,
          temple_green, nicolae_qazlal_style_of_elements, uniq_grinder,
          uniq_crazy_yiuf_cottage
D:6:      gammafunk_steamed_eel, layout_layer_cave
D:7:      lemuel_slime, layout_basic, basic_altar, minmay_puff
D:8:      layout_loops_ring, kennysheep_little_box, nicolae_tso_carved_into_rock
D:9:      layout_basic, gammafunk_temple_overflow_statue, minmay_the_grid_2x2
          [minmay_the_grid_spikes, minmay_the_grid_box_x,
          minmay_the_grid_all_tris, minmay_the_grid_prize_diamond_cup],
          uniq_joseph, uniq_maurice
D:10:     lemuel_insect_pit, layout_irregular_city, erik_lair_island
D:11:     layout_big_octagon, orc_david_3, uniq_psyche
Orc:1:    layout_caves, basic_altar, uniq_erica

Skill      XL: |  1  2  3  4  5  6  7  8  9 10 11 |
---------------+----------------------------------+-----
Fighting       | 4 5 6 7 9 10 | 10.0
Long Blades    | 4 5 6 8 9 11 13 14 | 14.2
Armour         | 3 4 5 6 7 9 10 | 10.3
Dodging        | 3 4 5 6 7 |  7.9
Slings         | 1 |  1.1
Shields        | 1 6 |  6.3
Axes           | |  0.1
Stealth        | |  0.7

Action                   |  1- 3 |  4- 6 |  7- 9 | 10-12 || total
-------------------------+-------+-------+-------+-------++-------
Melee: Falchion          |    63 |   121 |   354 |    74 ||   612
       Headbutt          |     5 |    22 |   101 |    99 ||   227
       Long sword        |       |       |       |   358 ||   358
       Hand axe          |       |       |       |     6 ||     6
 Fire: Hunting sling     |       |       |     4 |     3 ||     7
Invok: Berserk           |       |     2 |     2 |     3 ||     7
       Trog's Hand       |       |     1 |     2 |     2 ||     5
       Brothers in Arms  |       |       |       |     1 ||     1
  Use: Scroll            |       |       |    10 |     6 ||    16
       Potion            |       |       |       |     1 ||     1
Armor: Animal skin       |     3 |       |       |       ||     3
       Ring mail         |     9 |    60 |    50 |       ||   119
       Scale mail        |       |       |   104 |   177 ||   281
Dodge: Dodged            |    45 |    59 |   144 |   128 ||   376
Block: Tower shield      |       |       |       |   247 ||   247
       Rpst.: Falchion   |     9 |    13 |    45 |     7 ||    74
       Long sword        |       |       |       |    22 ||    22
